 Dungeon Crawl Stone Soup version 0.30-a0-557-ge2afbf3030 (webtiles) character file.

Game seed: 14910050903304234532

45748 Newt the Cleaver (level 14, -8/110 HPs)
             Began as a Demonspawn Gladiator on Dec 27, 2022.
             Was the Champion of Okawaru.
             Mangled by a merfolk impaler
             ... wielding a +1 trident of venom
              (18 damage)
             ... on level 1 of the Shoals.
             The game lasted 00:25:16 (18027 turns).

Newt the Cleaver (Demonspawn Gladiator)            Turns: 18027, Time: 00:25:16

Health: -8/110     AC: 13    Str: 24    XL:     14   Next: 2%
Magic:  21/21      EV: 16    Int:  7    God:    Okawaru [******]
Gold:   684        SH: 12    Dex: 19    Spells: 13/13 levels left

rFire   + . .      SeeInvis +    z - +9 hand axe (heavy)
rCold   . . .      Faith    .    b - +2 buckler
rNeg    . . .      Spirit   .    P - +2 leather armour {rPois}
rPois   +          Reflect  .    (helmet unavailable)
rElec   +          Harm     .    K - +4 cloak "Birhier" {rElec rPois Int-3 Dex+3}
rCorr   +          Rampage  .    (no gloves)
Will    +....                    U - +1 pair of boots of the Equator {rCorr}
Stlth   +                        s - amulet of the acrobat
HPRegen 0.38/turn                p - +4 ring of evasion
MPRegen 0.17/turn                t - +6 ring of strength

@: very slow
A: antennae 3, large bone plates 2, spiny 2, claws 1, fire resistance 1
a: Renounce Religion, Heroism, Finesse, Duel


You were on level 1 of the Shoals.
You worshipped Okawaru.
Okawaru was exalted by your worship.
You visited 4 branches of the dungeon, and saw 16 of its levels.
You also visited: Gauntlet.

You collected 1196 gold pieces.
You spent 512 gold pieces at shops.

Inventory:

Hand Weapons
 z - a +9 heavy hand axe (weapon)
Missiles
 a - 11 poisoned darts
 d - 4 silver javelins (quivered)
 e - 8 javelins
 g - a throwing net
 h - 2 boomerangs of dispersal
 v - 5 atropa-tipped darts
 N - 5 boomerangs
Armour
 b - a +2 buckler (worn)
 K - the +4 cloak "Birhier" (worn) {rElec rPois Int-3 Dex+3}
   (You found it on level 9 of the Dungeon)

   Int:       It affects your intelligence (-3).
   Dex:       It affects your dexterity (+3).
   rElec:     It insulates you from electricity.
   rPois:     It protects you from poison.
 P - a +2 leather armour of poison resistance (worn)
 U - the +1 pair of boots of the Equator (worn) {rCorr}
   (Okawaru gifted it to you on level 1 of the Lair of Beasts)

   rCorr:     It protects you from acid and corrosion.
Jewellery
 p - a +4 ring of evasion (left claw)
 s - an amulet of the acrobat (around neck)
 t - a +6 ring of strength (right claw)
 D - a +6 ring of dexterity
 F - an amulet of faith
 L - a +4 ring of protection
 O - a ring of fire
 W - a ring of resist corrosion
 X - a ring of positive energy
Wands
 x - a wand of paralysis (22)
 B - a wand of flame (14)
 G - a wand of mindburst (21)
 Q - a wand of iceblast (12)
 R - a wand of acid (5)
 S - a wand of polymorph (8)
Scrolls
 c - a scroll of brand weapon
 u - 5 scrolls of teleportation
 y - 3 scrolls of enchant armour
 A - a scroll of fog
 H - 2 scrolls of blinking
 M - 5 scrolls of identify
 V - a scroll of magic mapping
Potions
 f - 3 potions of curing
 j - 5 potions of invisibility
 k - 3 potions of flight
 l - 6 potions of brilliance
 n - 2 potions of berserk rage
 o - 5 potions of mutation
 q - a potion of resistance
 r - a potion of cancellation
 E - 4 potions of lignification
 I - 6 potions of attraction
Miscellaneous
 Y - a condenser vane
 Z - a lightning rod (4/4)


   Skills:
 - Level 10.0 Fighting
 - Level 2.6 Short Blades
 - Level 14.0 Axes
 - Level 10.0 Throwing
 - Level 8.0 Armour
 - Level 2.6 Dodging
 - Level 3.0 Stealth
 - Level 10.0 Invocations
 + Level 6.9 Evocations


You had 13 spell levels left.
You didn't know any spells.
Your spell library contained the following spells:

 Spells                   Type           Power      Damage    Failure   Level
 Magic Dart               Conj           0%         1d3       58%         1
 Sandblast                Erth           0%         2d4       58%         1
 Passwall                 Tmut/Erth      0%         N/A       73%         2
 Inner Flame              Hex/Fire       0%         N/A       91%         3
 Mephitic Cloud           Conj/Pois/Air  0%         N/A       91%         3
 Stone Arrow              Conj/Erth      0%         3d7       91%         3
 Cause Fear               Hex            0%         N/A       100%        4
 Eringya's Noxious Bog    Tmut/Pois      0%         N/A       100%        6
 Discord                  Hex            0%         N/A       100%        8
 Call Imp                 Summ           Unusable   N/A       N/A         2
 Summon Forest            Summ/Tloc      Unusable   N/A       N/A         5
 Summon Hydra             Summ           Unusable   N/A       N/A         7

Dungeon Overview and Level Annotations

Branches:
Dungeon (9/15)             Temple (1/1) D:6            Lair (5/5) D:8
 Shoals (1/4) Lair:3       Spider (0/4) Lair:3        Slime (0/5) Lair:5
Gauntlet (visited)
    Orc: D:9-12

Altars:
Ashenzari
Cheibriados
Dithmenos
Fedhas
Gozag
Hepliaklqana
Kikubaaqudgha
Makhleb
Nemelex Xobeh
Okawaru
Qazlal
Ru
Sif Muna
Trog
Vehumet
Wu Jian
Xom
Yredelemnul
Jiyva

Shops:
D:1 :   D:3 *   D:6 !?   Shoals:1 (

Annotations:
Lair:1 3 runed translucent doors, Shayle's ghost, journeyman TeBr; hikkokomori's ghost, journeyman DsCj


Innate Abilities, Weirdness & Mutations

You have a pair of large antennae on your head. (SInv)
You are mostly covered in large bone plates. (SH +6)
You are mostly covered in sharp spines.
You have sharp fingernails.
Your flesh is heat resistant. (rF+)


Message History

You feel sick.
You are no longer poisoned.
You block the merfolk impaler's attack.
You hit the merfolk impaler.
The merfolk impaler is lightly wounded.
You block the merfolk impaler's attack.
The merfolk impaler is struck by your spines.
The merfolk impaler closely misses you.
You hit the merfolk impaler.
The merfolk impaler is lightly wounded.
The merfolk impaler is struck by your spines.
The merfolk impaler misses you.
Your unstable footing causes you to fumble your attack.
The merfolk impaler closely misses you.
The merfolk impaler is struck by your spines.
The merfolk impaler hits you with a +1 trident of venom!
* * * LOW HITPOINT WARNING * * *
You are poisoned.
Your unstable footing causes you to fumble your attack.
You feel very sick. You block the merfolk impaler's attack.
The merfolk impaler is struck by your spines.
The merfolk impaler completely misses you.
You feel better. You block the merfolk impaler's attack.
Aiming: Mindburst
Press: ? - help, Shift-Dir - straight line, f - merfolk impaler
Aim: a merfolk impaler, wielding a +1 trident of venom and wearing a +0 robe (moderately wounded, chance to affect: 73%)
The merfolk impaler struggles to resist.
You block the merfolk impaler's attack.
The merfolk impaler completely misses you.
Aiming: Mindburst
Press: ? - help, Shift-Dir - straight line, f/p - merfolk impaler
Aim: a merfolk impaler, wielding a +1 trident of venom and wearing a +0 robe (moderately wounded, chance to affect: 73%)
The merfolk impaler's mind is blasted!
The merfolk impaler is struck by your spines.
The merfolk impaler hits you with a +1 trident of venom!
* * * LOW HITPOINT WARNING * * *
The merfolk impaler is struck by your spines.
The merfolk impaler hits you with a +1 trident of venom!!
You die...

≈≈≈≈≈~~~~...~~~...#...~
≈~~~≈~~~~~.#...~~.......
≈~~~~~~~...#.~~~.......~
≈~~~~~~~~~~~~~~)~..# #..
≈~~~~~~~~~~~~~~~...###..
≈≈~~~~~~~~~~~~~~.)).....
≈≈≈≈≈≈≈~~~~~~~~~........
≈≈≈≈≈≈≈~~~~~~~~~~.......
≈≈≈≈~~~@†~~~~~~~~.......
≈≈≈~~~m~~~~~~~~~...~~...
≈≈≈~~~~~~~~~~~~~~~~~....
≈≈≈~~~~~~~~~~~~..~~~....
≈~~~~~~~~~~~~~~..~~~....
~~~~~~~~~~~~~~~. ~...
~~~~~~~....~~.(. ~~~~
~~~~~~~.#..~~.. ~~~~
.~~~


You could see a merfolk impaler.

Vanquished Creatures
  A minotaur (Gauntlet)
  5 hydras
  Erica (Lair:1)
  8 death yaks
  2 fire crabs
  A sea snake (Shoals:1)
  2 manticores
  2 merfolk sirens (Shoals:1)
  An eye of devastation (Gauntlet)
  13 elephants
  A torpor snail (Lair:3)
  7 black mambas
  6 cane toads
  3 rime drakes
  5 komodo dragons
  A merfolk (Shoals:1)
  7 hornets
  A wind drake (Lair:3)
  5 polar bears
  Grinder (D:5)
  3 dream sheep
  A snapping turtle (Shoals:1)
  7 blink frogs
  16 spriggans
  3 flying skulls (Gauntlet)
  4 wyverns
  3 basilisks
  6 fire bats (Gauntlet)
  9 yaks
  A steam dragon (D:8)
  12 water moccasins
  A floating eye (Gauntlet)
  2 hell hounds (Gauntlet)
  An ice beast (D:8)
  A sky beast (D:6)
  An ogre (D:4)
  2 orc warriors
  11 black bears
  2 boggarts (Lair:5)
  2 centaurs
  28 wolves
  2 kobold brigands
  11 bullfrogs
  Blork the orc (D:5)
  10 scorpions
  6 wights (D:7)
  6 killer bees (D:7)
  3 electric eels
  4 orc priests
  A jelly (D:4)
  Crazy Yiuf (D:3)
  5 hounds
  4 iguanas
  7 orc wizards
  4 hell rats (Lair:2)
  Robin (D:3)
  4 gnolls (D:5)
  11 adders
  7 river rats (Lair:2)
  4 worms
  4 dart slugs
  39 orcs
  10 ball pythons
  7 endoplasms
  5 giant cockroaches
  14 goblins
  17 hobgoblins
  11 jackals
  15 kobolds
  4 quokkas
  6 bats
  4 frilled lizards
  9 rats
426 creatures vanquished.

Vanquished Creatures (others)
  An orc (D:6)
  26 fungi
  53 plants
80 creatures vanquished.

Grand Total: 506 creatures vanquished

Notes
Turn   | Place    | Note
-------+----------+-------------------------------------------
     0 | D:1      | Newt the Demonspawn Gladiator began the quest for the Orb.
     0 | D:1      | Reached XP level 1. HP: 16/16 MP: 1/1
    21 | D:1      | Reached skill level 1 in Stealth
    79 | D:1      | Gained mutation: You are partially covered in sharp spines.
                  | [demonic ancestry]
    79 | D:1      | Reached XP level 2. HP: 22/22 MP: 2/2
   292 | D:1      | Gained mutation: You have a pair of small antennae on your
                  | head. [demonic ancestry]
   292 | D:1      | Reached XP level 3. HP: 27/27 MP: 3/3
   366 | D:1      | Found Cashrituf's Book Boutique.
   730 | D:2      | Reached XP level 4. HP: 35/35 MP: 4/4
  2103 | D:3      | Gained mutation: You are partially covered in large bone
                  | plates. (SH +4) [demonic ancestry]
  2103 | D:3      | Reached XP level 5. HP: 41/42 MP: 5/5
  2219 | D:3      | Found Hireobae's Assorted Antiques.
  2228 | D:3      | Bought a scroll labelled BEHOIM MAIJIMA for 23 gold pieces
  2228 | D:3      | Bought a silver ring for 115 gold pieces
  2228 | D:3      | Bought a scroll labelled ZACUAM GEOWUSS for 23 gold pieces
  2265 | D:3      | Reached skill level 1 in Armour
  2312 | D:3      | Found a runed translucent door.
  2313 | D:3      | Noticed Crazy Yiuf
  2366 | D:3      | Noticed Robin
  2379 | D:3      | Killed Robin
  2556 | D:3      | Killed Crazy Yiuf
  3177 | D:4      | Reached XP level 6. HP: 10/48 MP: 6/6
  3179 | D:5      | Entered Level 5 of the Dungeon
  3637 | D:4      | Reached skill level 1 in Axes
  4067 | D:4      | Reached skill level 2 in Axes
  4164 | D:4      | Found an ancient bone altar of Kikubaaqudgha.
  4421 | D:5      | Gained mutation: You have a pair of antennae on your head.
                  | [demonic ancestry]
  4421 | D:5      | Reached XP level 7. HP: 51/54 MP: 7/7
  4451 | D:5      | Reached skill level 3 in Axes
  4472 | D:5      | Noticed Grinder
  4500 | D:5      | Killed Grinder
  4501 | D:5      | Reached skill level 5 in Axes
  4843 | D:5      | Reached XP level 8. HP: 60/60 MP: 8/8
  4987 | D:5      | Noticed Blork the orc
  5002 | D:5      | Killed Blork the orc
  5006 | D:5      | Reached skill level 6 in Axes
  5475 | D:6      | Found Veekethri's Magic Scroll Boutique.
  5478 | D:6      | Bought a scroll of identify for 22 gold pieces
  5478 | D:6      | Bought a scroll of identify for 22 gold pieces
  5590 | D:6      | Found Deboripe's Distillery.
  5629 | D:6      | Reached skill level 5 in Fighting
  5663 | D:6      | Found a staircase to the Ecumenical Temple.
  5789 | Temple   | Entered the Ecumenical Temple
  5975 | Temple   | Became a worshipper of Warmaster Okawaru
  6790 | D:6      | Reached * piety under Okawaru
  6794 | D:6      | Reached skill level 5 in Evocations
  6794 | D:6      | Gained mutation: You are mostly covered in large bone
                  | plates. (SH +6) [demonic ancestry]
  6794 | D:6      | Reached XP level 9. HP: 12/69 MP: 9/9
  7104 | D:7      | Reached skill level 5 in Armour
  7251 | D:7      | Reached ** piety under Okawaru
  7271 | D:7      | Reached skill level 11 in Axes
  7271 | D:7      | Reached XP level 10. HP: 67/76 MP: 10/10
  7366 | D:7      | Reached skill level 1 in Invocations
  7687 | D:7      | Found a snail-covered altar of Cheibriados.
  8008 | D:8      | Found a staircase to the Lair.
  8083 | D:8      | Reached skill level 5 in Invocations
  8760 | D:8      | Found an ornate altar of the Wu Jian Council.
  8826 | D:9      | Reached *** piety under Okawaru
  8848 | D:9      | Identified the +4 cloak "Birhier" {rElec rPois Int-3 Dex+3}
  8888 | Lair:1   | Entered Level 1 of the Lair of Beasts
  8902 | Lair:1   | Found a runed translucent gate.
  8903 | Lair:1   | Found a runed translucent gate.
  8904 | Lair:1   | Found a runed translucent gate.
  8911 | Lair:1   | Noticed Shayle's ghost (journeyman TeBr)
  8911 | Lair:1   | Noticed hikkokomori's ghost (journeyman DsCj)
  8922 | Lair:1   | Noticed Erica
  8936 | Lair:1   | Killed Erica
  8937 | Lair:1   | Reached XP level 11. HP: 37/81 MP: 14/14
  8961 | Lair:1   | Reached **** piety under Okawaru
  8962 | Lair:1   | Reached skill level 5 in Throwing
  9055 | Lair:1   | Found a gate leading to a gauntlet.
  9081 | Gauntlet | Entered a Gauntlet
  9081 | Gauntlet | Found a transporter.
  9081 | Gauntlet | Found a transporter.
  9189 | Gauntlet | Found a transporter.
  9190 | Gauntlet | Found a transporter.
  9193 | Gauntlet | Found a transporter.
  9193 | Gauntlet | Found a transporter.
  9223 | Gauntlet | Found a transporter.
  9227 | Gauntlet | Found a transporter.
  9229 | Gauntlet | Noticed a fire crab
  9236 | Gauntlet | Found a transporter.
  9252 | Gauntlet | Found a transporter.
  9267 | Gauntlet | Found a transporter.
  9271 | Gauntlet | Found a transporter.
  9271 | Gauntlet | Noticed a wizard
  9344 | Gauntlet | Paralysed by a floating eye for 2 turns
  9375 | Gauntlet | Reached ***** piety under Okawaru
  9379 | Gauntlet | Killed a fire crab
  9382 | Gauntlet | Received a gift from Okawaru
  9559 | Gauntlet | Noticed a minotaur
  9587 | Gauntlet | Killed a minotaur
  9930 | Lair:1   | Identified the +1 pair of boots of the Equator {rCorr}
                  | (Okawaru gifted it to you on level 1 of the Lair of Beasts)
  9930 | Lair:1   | Received a gift from Okawaru
 10279 | Lair:2   | Noticed an eight-headed hydra
 10291 | Lair:1   | Killed an 11-headed hydra
 10733 | Lair:2   | Gained mutation: You have a pair of large antennae on your
                  | head. (SInv) [demonic ancestry]
 10733 | Lair:2   | Reached XP level 12. HP: 89/94 MP: 15/15
 11314 | Lair:2   | Reached skill level 10 in Fighting
 11333 | Lair:2   | Reached skill level 12 in Axes
 11491 | Lair:3   | Found a staircase to the Shoals.
 11542 | Lair:3   | Found a hole to the Spider Nest.
 11892 | Lair:3   | Noticed a four-headed hydra
 11893 | Lair:3   | Noticed a six-headed hydra
 11905 | Lair:4   | Killed a seven-headed hydra
 12134 | Lair:3   | Killed a six-headed hydra
 12135 | Lair:3   | Reached skill level 13 in Axes
 12710 | Lair:3   | Noticed a four-headed hydra
 12722 | Lair:3   | Killed a four-headed hydra
 13340 | Lair:4   | Received a gift from Okawaru
 13418 | Lair:4   | Reached ****** piety under Okawaru
 13462 | Lair:4   | Received a gift from Okawaru
 13475 | Lair:4   | Gained mutation: Your flesh is heat resistant. (rF+)
                  | [potion of mutation]
 13475 | Lair:4   | Gained mutation: You have sharp fingernails. [potion of
                  | mutation]
 13509 | Lair:4   | Reached skill level 14 in Axes
 13998 | Lair:4   | Noticed a death yak
 13998 | Lair:4   | Noticed a death yak
 13998 | Lair:4   | Noticed a death yak
 14015 | Lair:4   | Killed a death yak
 14015 | Lair:4   | Received a gift from Okawaru
 14020 | Lair:4   | HP: 4/97 [death yak (19)]
 14022 | Lair:4   | Killed a death yak
 14023 | Lair:4   | Reached XP level 13. HP: 27/103 MP: 16/16
 14565 | D:6      | Bought a scroll of enchant weapon for 82 gold pieces
 14565 | D:6      | Bought a scroll of enchant weapon for 82 gold pieces
 14565 | D:6      | Bought a scroll of brand weapon for 104 gold pieces
 14720 | Lair:5   | Entered Level 5 of the Lair of Beasts
 15257 | Lair:5   | HP: 4/103 [death yak (21)]
 15259 | Lair:5   | HP: 1/103 [black mamba (8)]
 15261 | Lair:5   | Found an ancient bone altar of Kikubaaqudgha.
 15565 | Lair:5   | HP: 2/103 [death yak (18)]
 15952 | Lair:5   | Reached skill level 10 in Throwing
 16622 | Lair:5   | Received a gift from Okawaru
 16640 | Lair:5   | HP: 2/103 [spriggan/+0 rapier (13)]
 16997 | Lair:5   | Reached skill level 10 in Invocations
 17062 | Lair:5   | Received a gift from Okawaru
 17506 | Lair:5   | Found a viscous altar of Jiyva.
 17506 | Lair:5   | Found a staircase to the Slime Pits.
 17696 | Shoals:1 | Entered Level 1 of the Shoals
 17699 | Shoals:1 | Found Xuecoph's Weapon Boutique.
 17726 | Shoals:1 | Bought a throwing net for 39 gold pieces
 17862 | Shoals:1 | Gained mutation: You are mostly covered in sharp spines.
                  | [demonic ancestry]
 17862 | Shoals:1 | Reached XP level 14. HP: 37/110 MP: 21/21
 18027 | Shoals:1 | Mangled by a merfolk impaler

Illustrated notes

Levels and vault maps discovered:
D:1:      dpeg_arrival_court, layout_rooms, serial_shops, nicolae_shop_stone
D:2:      layout_basic, minmay_tetromino_s4
D:3:      layout_basic, serial_shops, shop, uniq_robin, uniq_crazy_yiuf_cottage
D:4:      corexii_shack_village, layout_loops_ring,
          mainiacjoe_overflow_surrounded_room, elyvilon_altar_1
D:5:      layout_basic, nicolae_kite_square_tiling_tiny, uniq_blork_the_orc,
          uniq_grinder
D:6:      layout_basic, minmay_temple_entry_junction_2, serial_bayou,
          serial_bayou_pond_b, serial_bayou_pond_c, serial_bayou_shore_a,
          serial_bayou_crossing, serial_shops, shop, nicolae_shop_behind_doors,
          grunt_decor_one_mirror, nicolae_figureground_sparkle
D:7:      layout_loops_ring, nicolae_overflow_crystal_walls
D:8:      layout_cave_pools, nicolae_wu_jian_immortal_techniques,
          grunt_lair_entry_orc_guard_hut, serial_park_tiny_1
D:9:      layout_cave_pools, hiddenorc1_lemuel
Temple:   bh_familiar_temple
Lair:1:   layout_gridlike, gammafunk_ghost_cemetery, gauntlet_entry_generic,
          lemuel_fruit_fields, uniq_erica
Lair:2:   wad_woods_tower, layout_hall_layers, minmay_holes,
          kennysheep_abandoned_house
Lair:3:   layout_long_grid, minmay_shoals_entry_beasts,
          nicolae_spider_entry_non_spiders
Lair:4:   layout_gridlike, beast_lair_carwin_9
Lair:5:   minmay_lair_end_enchanted_forest, layout_small_grid,
          dpeg_slime_entry_enclosed, basic_altar, infiniplex_staircase_pool_2
Shoals:1: argonaut_golden_fleece, layout_shoals, serial_shops,
          nicolae_square_shop

Skill      XL: |  1  2  3  4  5  6  7  8  9 10 11 12 13 |
---------------+----------------------------------------+-----
Stealth        | 1 2 3 |  3.0
Fighting       | 3 4 6 8 10 | 10.0
Armour         | 3 4 6 8 |  8.0
Axes           | 2 5 6 11 14 | 14.0
Evocations     | 5 6 |  6.9
Invocations    | 5 10 | 10.0
Throwing       | 4 6 7 10 | 10.0
Short Blades   | |  2.6
Dodging        | |  2.6

Action                   |  1- 3 |  4- 6 |  7- 9 | 10-12 | 13-15 || total
-------------------------+-------+-------+-------+-------+-------++-------
Melee: Rapier            |    37 |       |       |       |       ||    37
       Punch             |     1 |     2 |     4 |     6 |     9 ||    22
       Short sword       |    33 |   158 |       |       |       ||   191
       War axe           |       |    47 |    46 |       |       ||    93
       Hand axe          |       |       |    66 |   460 |   302 ||   828
Throw: Throwing net      |       |     3 |     5 |     4 |       ||    12
       Javelin           |       |     1 |       |    13 |     8 ||    22
       Dart              |       |       |       |     7 |       ||     7
Invok: Heroism           |       |       |       |       |     1 ||     1
Evoke: Wand              |       |       |       |    22 |     2 ||    24
       Lightning rod     |       |       |       |       |     1 ||     1
  Use: Scroll            |     3 |    12 |     3 |     8 |     4 ||    30
       Potion            |       |     1 |     1 |     7 |     9 ||    18
 Stab: Sleeping          |     3 |    10 |     2 |    14 |       ||    29
       Held in net/web   |       |       |     1 |     3 |       ||     4
       Invisible         |       |       |       |     1 |       ||     1
Armor: Leather armour    |    20 |    37 |    25 |   137 |    93 ||   312
Dodge: Dodged            |    43 |   105 |   119 |   351 |   237 ||   855
Block: Other             |       |    17 |    25 |   140 |    78 ||   260
       Buckler           |       |       |       |       |    32 ||    32

Table legend: (Time is in decaauts)
 A = Elapsed time spent in this place.
 B = Non-inter-level travel time spent in this place.
 C = Inter-level travel time spent in this place.
 D = Time resting spent in this place.
 E = Time spent auto-exploring this place.
 F = Levels seen in this place.
 G = Mean time per level.
                   A        B        C        D        E       F      G
               +--------+--------+--------+--------+--------+-----+--------+
         Total |  18049 |  17154 |    895 |   5325 |   8927 |  17 | 1061.7 |
       Dungeon |   8889 |   8470 |    419 |   1917 |   5267 |   9 |  987.7 |
        Temple |    196 |    171 |     25 |      0 |    168 |   1 |  196.0 |
          Lair |   8098 |   7649 |    449 |   2928 |   3459 |   5 | 1619.6 |
        Shoals |    332 |    332 |      0 |    222 |     33 |   1 |  332.0 |
      Gauntlet |    532 |    532 |      0 |    258 |      0 |   1 |  532.0 |
               +--------+--------+--------+--------+--------+-----+--------+

Top non-repeatable levels by time:
  Lair:5: 2181 daAuts
  Lair:4: 1944 daAuts
  Lair:3: 1832 daAuts
     D:5: 1561 daAuts
     D:6: 1493 daAuts
     D:4: 1284 daAuts
  Lair:1: 1193 daAuts
     D:3: 1077 daAuts
     D:7: 948 daAuts
  Lair:2: 946 daAuts
     D:8: 929 daAuts
     D:2: 899 daAuts
     D:1: 641 daAuts
Gauntlet: 532 daAuts
Shoals:1: 332 daAuts
